AoeStats
← iAlejandrouae

Arena

509143776Analyzed
4v4 RM · 6d ago on Sep 25, 2026· 81m 48s· 8 players
Game mode
Random Map
Map size
Large (8 player)
Population
200
Speed
Normal
Resources
Standard
Victory
Conquest
Starting age
Dark Age
Ending age
Imperial Age
RankedLock teamsTeams togetherTeam positionsShared explorationLock speedFull tech treeHidden civsTurbo modeCheats
Victory
Defeat
🇦🇷 Persians · Argentina
1606
+8
🇲🇽 Poles · Mexico
1503
+12
🇧🇷 Khmer · Brazil
1425
+15
🇨🇴 Ethiopians · Colombia
1281
+22
🇰🇷 Britons · South Korea
1447
-16
🇰🇷 Bohemians · South Korea
1416
-14
🇩🇴 Koreans · Dominican Republic
1404
-14
🇳🇱 Danes · Netherlands
1377
-13
[IMGG] oso anti pro
10:36 Feudal Age
14:28 Castle Age
12:40 Horse Collar
13:56 Double-Bit Axe
21:35 Town Watch
23:25 Wheelbarrow
23:27 Heavy Plow
23:16 Arson
23:43 Loom
25:48 Hand Cart
25:49 Hand Cart
25:59 Bow Saw
26:18 Gold Mining
26:30 Stone Mining
30:35 Imperial Age
27:32 Light Cavalry
28:08 Treadmill Crane
28:55 Forging
29:43 Stone Shaft Mining
30:06 Coinage
30:12 Scale Mail Armor
30:47 Iron Casting
29:36 Man-at-Arms
30:17 Squires
30:26 Long Swordsman
31:23 Chain Mail Armor
31:55 Crop Rotation
33:06 Blast Furnace
32:36 Plate Mail Armor
31:28 Two-Handed Swordsman
32:22 Champion
32:54 Fletching
35:14 Conscription
35:28 Scale Barding Armor
35:36 Bloodlines
35:26 Husbandry
36:02 Banking
36:28 Lechitic Legacy
42:07 Town Patrol
45:07 Chain Barding Armor
44:43 Bodkin Arrow
44:10 Winged Hussar
45:12 Ballistics
45:04 Fortified Wall
45:04 Masonry
45:47 Bracer
45:47 Padded Archer Armor
46:51 Chemistry
45:46 Murder Holes
45:57 Siege Engineers
46:30 Hoardings
49:02 Leather Archer Armor
55:52 Capped Ram
56:53 Siege Ram
74:33 Caravan
77:36 Cavalier
78:22 Szlachta Privileges
Fs.Emmanuel
9:39 Feudal Age
14:12 Castle Age
13:10 Double-Bit Axe
13:06 Horse Collar
20:54 Bow Saw
21:32 Heavy Plow
23:06 Gold Mining
26:25 Loom
27:33 Light Cavalry
29:34 Scale Barding Armor
30:33 Wheelbarrow
30:54 Chain Barding Armor
30:56 Bloodlines
31:12 Husbandry
31:16 Town Watch
31:57 Forging
35:06 Iron Casting
37:13 Imperial Age
36:17 Fletching
38:35 Plate Barding Armor
39:07 Conscription
41:31 Blast Furnace
41:16 Gold Shaft Mining
41:26 Fortified Wall
40:42 Elite Ballista Elephant
43:03 Hoardings
42:54 Hussar
44:52 Chemistry
44:40 Bodkin Arrow
45:45 Crop Rotation
45:39 Double Crossbow
46:17 Bracer
47:00 Padded Archer Armor
47:30 Cavalier
54:07 Masonry
54:18 Ballistics
54:29 Hand Cart
56:24 Leather Archer Armor
56:41 Architecture
58:44 Murder Holes
60:20 Elite Skirmisher
61:31 Ring Archer Armor
69:15 Guard Tower
71:33 Town Patrol
79:27 Sappers
80:00 Tusk Swords
79:21 Elite Battle Elephant
81:54 Stone Mining
[IMGG]LORDOCT
9:47 Feudal Age
13:23 Castle Age
13:16 Double-Bit Axe
13:52 Gold Mining
19:32 Elite Skirmisher
20:48 Loom
21:22 Bow Saw
22:23 Horse Collar
23:02 Fletching
23:33 Crossbowman
26:14 Gold Shaft Mining
25:51 Padded Archer Armor
28:56 Bodkin Arrow
29:17 Leather Archer Armor
30:33 Wheelbarrow
35:01 Imperial Age
32:17 Man-at-Arms
34:52 Ballistics
36:47 Chemistry
36:20 Ring Archer Armor
35:50 Bracer
36:31 Scale Barding Armor
43:20 Arbalester
54:45 Capped Ram
56:04 Caravan
57:09 Heavy Plow
59:58 Siege Ram
63:49 Two-Man Saw
64:34 Hand Cart
73:03 Thumb Ring
iAlejandrouae
8:30 Feudal Age
7:07 Loom
10:20 Horse Collar
10:26 Double-Bit Axe
21:17 Castle Age
21:56 Bow Saw
21:47 Heavy Plow
22:24 Wheelbarrow
24:23 Hand Cart
28:20 Gold Mining
28:21 Stone Mining
32:35 Imperial Age
29:52 Town Watch
30:09 Padded Archer Armor
30:52 Stone Shaft Mining
30:54 Gold Shaft Mining
31:35 Leather Archer Armor
32:05 Masonry
33:22 Ring Archer Armor
34:07 Chemistry
34:23 Coinage
36:10 Two-Man Saw
35:41 Crop Rotation
35:57 Conscription
36:50 Fletching
37:54 Scale Barding Armor
38:00 Forging
38:18 Caravan
39:51 Bloodlines
39:01 Cavalier
39:42 Husbandry
40:02 Chain Barding Armor
41:28 Plate Barding Armor
41:29 Iron Casting
41:22 Savar
46:47 Blast Furnace
45:10 Light Cavalry
46:22 Hussar
47:48 Elite Skirmisher
48:34 Thumb Ring
48:25 Bodkin Arrow
51:50 Ballistics
53:24 Capped Ram
54:22 Siege Ram
RD | Telematico
5:43 Loom
8:47 Feudal Age
10:30 Double-Bit Axe
23:06 Castle Age
21:15 Gold Mining
22:07 Fletching
22:27 Horse Collar
24:15 Bow Saw
24:09 Bodkin Arrow
25:57 Fervor
27:10 Gold Shaft Mining
26:39 Heavy Plow
28:42 Sanctity
34:47 Imperial Age
32:17 Stone Mining
35:33 Bracer
36:18 Ballistics
39:13 Chemistry
38:29 Murder Holes
40:49 Block Printing
41:27 Wheelbarrow
42:53 Eupseong
42:49 Arrowslits
43:17 Masonry
42:47 Treadmill Crane
43:44 Guilds
47:34 Hand Cart
49:19 Architecture
50:15 Stone Shaft Mining
49:55 Scale Mail Armor
52:25 Chain Mail Armor
52:38 Forging
52:31 Squires
52:29 Elite Fire Lancer
57:50 Iron Casting
BaniWang
10:20 Feudal Age
11:30 Loom
11:54 Double-Bit Axe
14:18 Castle Age
12:23 Horse Collar
15:33 Heavy Plow
21:18 Fervor
22:13 Bow Saw
23:57 Wheelbarrow
25:30 Fletching
25:15 Pikeman
29:15 Imperial Age
28:32 Hand Cart
28:02 Town Watch
28:54 Squires
30:04 Forging
29:54 Scale Mail Armor
30:59 Two-Man Saw
29:51 Halberdier
31:37 Chemistry
33:12 Wagenburg Tactics
33:29 Conscription
33:28 Chain Mail Armor
33:17 Houfnice
37:34 Guilds
38:28 Padded Archer Armor
40:58 Leather Archer Armor
41:19 Iron Casting
41:14 Plate Mail Armor
42:12 Ring Archer Armor
42:11 Bodkin Arrow
44:28 Blast Furnace
45:52 Coinage
53:20 Bodkin Arrow
53:54 Man-at-Arms
54:37 Bracer
64:33 Ballistics
64:21 Siege Engineers
71:28 Arson
72:52 Masonry
Ther_
10:45 Feudal Age
14:37 Castle Age
12:22 Horse Collar
12:28 Double-Bit Axe
15:31 Bow Saw
16:00 Wheelbarrow
19:33 Heavy Plow
20:29 Gold Mining
21:08 Hand Cart
23:05 Town Watch
24:57 Gold Shaft Mining
24:12 Stone Mining
24:34 Loom
26:51 Scale Mail Armor
27:02 Forging
29:35 Imperial Age
28:34 Stone Shaft Mining
27:30 Pikeman
28:11 Squires
27:57 Arson
29:35 Chain Mail Armor
29:56 Iron Casting
30:42 Siege Engineers
30:32 Onager
30:41 Halberdier
32:44 Siege Onager
33:16 Northmen's Fury
34:16 Conscription
36:07 Heavy Scorpion
37:32 Ballistics
38:12 Chemistry
38:32 Masonry
43:35 Murder Holes
44:13 Fletching
44:54 Plate Mail Armor
45:25 Blast Furnace
49:30 Caravan
57:08 Man-at-Arms
57:34 Gambesons
60:54 Long Swordsman
61:36 Hamask
63:13 Two-Handed Swordsman
64:50 Champion
66:06 Capped Ram
73:06 Plate Mail Armor
74:24 Elite Varangian Guard
81:46 Coinage
남조선사람
10:19 Feudal Age
11:44 Double-Bit Axe
14:23 Castle Age
13:04 Horse Collar
16:40 Loom
16:47 Fletching
23:54 Wheelbarrow
24:56 Bow Saw
25:14 Bodkin Arrow
25:47 Padded Archer Armor
27:22 Ballistics
30:15 Imperial Age
27:58 Gold Mining
28:55 Heavy Plow
30:17 Hand Cart
29:47 Town Watch
30:23 Caravan
31:03 Bracer
30:50 Pikeman
32:10 Forging
32:00 Scale Mail Armor
31:51 Halberdier
32:15 Man-at-Arms
34:49 Chemistry
34:59 Leather Archer Armor
34:46 Squires
34:26 Long Swordsman
34:52 Gambesons
35:38 Two-Handed Swordsman
37:02 Iron Casting
38:04 Ring Archer Armor
39:29 Elite Longbowman
41:32 Blast Furnace
40:47 Chain Mail Armor
41:13 Yeomen
41:14 Conscription
41:27 Champion
43:41 Plate Mail Armor
43:14 Arson
45:23 Warwolf
47:42 Gold Shaft Mining
46:57 Stone Mining
47:55 Coinage
47:44 Siege Engineers
47:50 Masonry
47:35 Murder Holes
49:06 Hoardings
62:03 Elite Skirmisher
64:33 Banking
75:32 Architecture
Connection lost

Rejoining the realm…

Still unreachable

The connection could not be restored.

Session expired

The server has moved on; the page needs a fresh start.